 Dungeon Crawl Stone Soup version 0.20.0-15-g7f486f2 (webtiles) character file.

32 Dragoran the Sneak (level 3, 0/17 HPs)
             Began as a Spriggan Enchanter on June 29, 2017.
             Slain by a goblin
             ... wielding a +0 dagger
             ... led by Robin
              (2 damage)
             ... on level 2 of the Dungeon.
             The game lasted 00:02:37 (1656 turns).

Dragoran the Sneak (Spriggan Enchanter)             Turns: 1656, Time: 00:02:38

Health: 0/17       AC:  2    Str:  4    XL:     3   Next: 10%
Magic:  2/8        EV: 19    Int: 17    God:
Gold:   62         SH:  0    Dex: 16    Spells: 4/7 levels left

rFire    . . .     SeeInvis +   a - +1 dagger
rCold    . . .     Gourm    .   (shield restricted)
rNeg     . . .     Faith    .   b - +0 robe
rPois    .         Spirit   .   (helmet restricted)
rElec    .         Reflect  .   (no cloak)
rCorr    .         Harm     .   (gloves unavailable)
MR       .....                  (boots unavailable)
Stlth    +++.......             (no amulet)
Regen    0.1/turn               (no ring)
MPRegen  0.2/turn               (no ring)

@: very quick
A: unfitting armour, see invisible, herbivore 3, speed 3, slow metabolism 2
a: no special abilities


You were on level 2 of the Dungeon.
You were not hungry.

You visited 1 branch of the dungeon, and saw 2 of its levels.

You collected 62 gold pieces.

Inventory:

Hand Weapons
 a - a +1 dagger (weapon)
Armour
 b - a +0 robe (worn)
Scrolls
 e - 3 scrolls of identify {unknown}
 f - 3 scrolls of fear {unknown}
 h - a scroll of remove curse {unknown}
 j - a scroll of enchant weapon {unknown}
Potions
 g - 2 potions of curing {unknown}
 k - a potion of lignification {unknown}
 l - a potion of might {unknown}
Books
 c - a book of Maledictions

   Spells                             Type                      Level
   a - Corona                         Hexes                        1
   b - Ensorcelled Hibernation        Hexes/Ice                    2
   c - Confuse                        Hexes                        3
   d - Tukima's Dance                 Hexes                        3
   e - Dazzling Spray                 Conjuration/Hexes            3
Comestibles
 d - a bread ration
 i - a royal jelly


   Skills:
 + Level 0.5 Fighting
 + Level 1.4 Short Blades
 + Level 3.9 Dodging
 + Level 4.7 Stealth
 + Level 2.9 Spellcasting
 + Level 3.9 Hexes


You had 4 spell levels left.
You knew the following spells:

 Your Spells              Type           Power        Failure   Level  Hunger
a - Corona                Hex            ###....      3%          1    None
b - Ensorcelled Hibernat  Hex/Ice        #.....       12%         2    ##.....


Dungeon Overview and Level Annotations

Branches:
Dungeon (2/15)

Altars:
Ru

Annotations:
D:2 Robin


Innate Abilities, Weirdness & Mutations

You are very small and have problems with some larger weapons.
You are too small for most types of armour.
You have supernaturally acute eyesight. (SInv)
You are a herbivore.
You cover ground extremely quickly.
You need consume almost no food.


Message History

The hobgoblin closely misses you.
Casting: Ensorcelled Hibernation
Confirm with . or Enter, or press ? or * to list all spells.
Aiming: Ensorcelled Hibernation
Press: ? - help, Shift-Dir - straight line, f/p - hobgoblin
Aim: a hobgoblin (unusually strong, chance to defeat MR: 58%)
The hobgoblin resists with significant effort.
Robin throws the goblin at you! The hobgoblin barely misses you.
The goblin hits you with a dagger.
* * * LOW HITPOINT WARNING * * *
You closely miss the hobgoblin. The hobgoblin closely misses you.
The goblin barely misses you.
You closely miss the goblin.
The goblin shouts!
The hobgoblin misses you. The goblin hits you with a dagger.
* * * LOW HITPOINT WARNING * * *
You hit the goblin.
The goblin is moderately wounded.
The hobgoblin closely misses you. The goblin hits you with a dagger.
You die...

########################
#######
...........gg.gg@g.....#
#.....##
......################.#
#.....'. ###..........
###.###.....## g
#g.g#######
#.....#.....##
..#...'....#
##.###.#.....##
gg'...####.#
##............## .g#...#
.##...............
..#...#
....###.....#..#.. #
#...# .#............#..#


You could see Robin, a hobgoblin and 3 goblins.

Vanquished Creatures
  A dart slug (D:1)
  A leopard gecko (D:2)
  2 giant cockroaches
  5 goblins
  2 hobgoblins (D:2)
  4 jackals (D:1)
  2 kobolds (D:1)
  2 bats
  A frilled lizard (D:1)
  6 rats
26 creatures vanquished.

Notes
Turn   | Place    | Note
-------+----------+-------------------------------------------
     0 | D:1      | Dragoran the Spriggan Enchanter began the quest for the Orb.
     0 | D:1      | Reached XP level 1. HP: 9/9 MP: 5/5
   219 | D:1      | Reached XP level 2. HP: 13/13 MP: 6/6
   498 | D:1      | Learned a level 2 spell: Ensorcelled Hibernation
  1090 | D:2      | Found a sacrificial altar of Ru.
  1314 | D:2      | Noticed Robin
  1351 | D:2      | Reached XP level 3. HP: 12/17 MP: 8/8
  1656 | D:2      | Slain by a goblin

Action                   || total
-------------------------++-------
Melee: Dagger            ||   106
 Cast: Ensorcelled Hiber ||     8
       Corona            ||     1
 Stab: Sleeping          ||    13
Armor: Robe              ||     3
Dodge: Dodged            ||    76
